 Dungeon Crawl Stone Soup version 0.19-a0-264-gaf32591 (webtiles) character file.

98 GlassEater the Skirmisher (level 4, -1/40 HPs)
             Began as a Hill Orc Fighter on May 25, 2016.
             Killed by nerve-wracking pain
             ... invoked by Grinder
              (14 damage)
             ... on level 3 of the Dungeon.
             The game lasted 00:03:46 (2082 turns).

GlassEater the Skirmisher (Hill Orc Fighter)        Turns: 2082, Time: 00:03:47

Health: -1/40      AC: 11    Str: 19    XL:     4   Next: 69%
Magic:  13/13      EV:  3    Int:  8    God:
Gold:   88         SH:  9    Dex: 10    Spells: 0 memorised, 3 levels left

rFire  . . .     SeeInvis .     a - +0 war axe
rCold  . . .     Gourm    .     h - +0 plate armour
rNeg   . . .     Faith    .     c - +0 shield
rPois  +         Spirit   .     (no helmet)
rElec  .         Dismiss  .     (no cloak)
rCorr  .         Reflect  .     (no gloves)
SustAt .         Harm     .     (no boots)
MR     .....                    (no amulet)
Stlth  ..........               g - ring of poison resistance
                                k - ring of magical power

@: not resistant to hostile enchantments, extremely unstealthy
A: no striking features
a: no special abilities


You were on level 3 of the Dungeon.
You were not hungry.

You visited 1 branch of the dungeon, and saw 3 of its levels.

You collected 88 gold pieces.

Inventory:

Hand Weapons
 a - a +0 war axe (weapon)
Armour
 c - a +0 shield (worn)
 h - a +0 plate armour (worn)
Jewellery
 g - a ring of poison resistance (right hand)
 k - a ring of magical power (left hand)
Wands
 o - a wand of random effects (23/48)
Scrolls
 i - a scroll of fog
 j - a scroll of fear
Potions
 d - a potion of might
 e - a potion of curing {unknown}
 l - a potion of heal wounds {unknown}
 m - a potion of agility {unknown}
Comestibles
 b - 10 chunks of flesh
 f - 3 bread rations
 n - 3 fruits


   Skills:
 + Level 4.1 Fighting
 + Level 4.1 Axes
 + Level 3.9 Armour
 + Level 0.2 Dodging
 + Level 4.1 Shields


You had 3 spell levels left.
You didn't know any spells.

Dungeon Overview and Level Annotations

Branches:
Dungeon (3/15)

Altars:
Ashenzari
Gozag
Hepliaklqana
The Shining One

Annotations:
D:3 Grinder


Message History

Grinder is heavily wounded.
Grinder hits you.
* * * LOW HITPOINT WARNING * * *
You writhe in agony. x2
You closely miss Grinder.
Grinder is heavily wounded.
You block Grinder's attack.
Unknown command.
You closely miss Grinder.
Grinder is heavily wounded.
Grinder blinks!
Unknown command.
You hit Grinder but do no damage.
Grinder is heavily wounded.
Grinder barely misses you.
You slash Grinder!
Grinder is severely wounded.
Grinder gestures at you. Pain shoots through your body!
You die...

#_## #.. #.. ###
..# #.. #.# #.#
# #.# #.#.#
#?####.#.#
#..††....#
#..###.### #@.#
#.# #5.# #.# #..
#..# #.# #..
#..# #.# #..
#..# #.#
#####..##..# #.#
#.......#..# #.#
#.......#..# #.#
#.......#..###.#


You could see Grinder.

Vanquished Creatures
  3 adders
  4 worms
  A dart slug (D:2)
  4 orcs (D:3)
  2 giant cockroaches (D:2)
  5 goblins
  9 hobgoblins
  2 jackals (D:2)
  4 kobolds
  3 quokkas
  2 ball pythons (D:1)
  4 bats
  2 giant newts
  8 rats
53 creatures vanquished.

Notes
Turn   | Place    | Note
--------------------------------------------------------------
     0 | D:1      | GlassEater the Hill Orc Fighter began the quest for the Orb.
     0 | D:1      | Reached XP level 1. HP: 19/19 MP: 1/1
   157 | D:1      | Reached XP level 2. HP: 27/27 MP: 2/2
   403 | D:1      | Found a glowing golden altar of the Shining One.
   745 | D:2      | Reached XP level 3. HP: 11/33 MP: 3/3
  1448 | D:2      | Found a shattered altar of Ashenzari.
  1452 | D:2      | Reached XP level 4. HP: 38/40 MP: 4/4
  1812 | D:3      | Found an opulent altar of Gozag.
  1860 | D:3      | Found a hazy altar of Hepliaklqana.
  2048 | D:3      | Noticed Grinder
  2071 | D:3      | Paralysed by Grinder for 6 turns
  2082 | D:3      | Killed from afar by Grinder

Vault maps used:
D:1:      dpeg_arrival_tiny_f, tso_metal_star
D:2:      evilmike_ruin_ashenzari, minmay_misc_feat_chi
D:3:      nicolae_overflow_hidden_temple, overflow_temple_1_default,
          first_bread, uniq_grinder, uniq_jessica

Skill      XL: |  1  2  3  4 |
---------------+-------------+-----
Axes           | 3 4 |  4.1
Shields        | 4 |  4.1
Fighting       | 4 |  4.1
Armour         | |  3.9
Dodging        | |  0.2

Action                   |  1- 3 |  4- 6 || total
-------------------------+-------+-------++-------
Melee: War axe           |   130 |    78 ||   208
  Use: Scroll            |       |     2 ||     2
  Eat: Chunk             |     2 |     2 ||     4
Armor: Scale mail        |    36 |       ||    36
       Plate armour      |    40 |    36 ||    76
Dodge: Dodged            |    28 |    10 ||    38
Block: Shield            |    72 |    50 ||   122
